 Dungeon Crawl Stone Soup version 0.30-a0-576-g89cddaab80 (webtiles) character file.

Game seed: 10933649313842113158

886 sokol815 the Slicer (level 8, -2/46 HPs)
             Began as a Kobold Delver on Dec 31, 2022.
             Was an Initiate of Gozag.
             Slain by Duvessa
             ... wielding a +5 short sword of venom
              (8 damage)
             ... on level 4 of the Dungeon.
             The game lasted 00:09:46 (5676 turns).

sokol815 the Slicer (Kobold Delver)                 Turns: 5676, Time: 00:09:47

Health: -2/46      AC:  5    Str: 15    XL:     8   Next: 26%
Magic:  8/8        EV: 15    Int: 12    God:    Gozag
Gold:   414        SH:  5    Dex: 18    Spells: 4/7 levels left

rFire   . . .      SeeInvis .    a - +1 short sword
rCold   + . .      Faith    .    (no shield)
rNeg    . . .      Spirit   .    p - +1 robe of the Stars {rC+ Archmagi}
rPois   .          Reflect  +    (no helmet)
rElec   .          Harm     .    k - +0 cloak
rCorr   .          Rampage  .    (no gloves)
Will    .....      Archmagi +    e - +0 pair of boots
Stlth   +++++                    w - amulet of reflection
HPRegen 0.27/turn                g - +6 ring of strength
MPRegen 0.11/turn                Q - +4 ring of slaying

@: lethally poisoned (-2 -> -24), hasted, very quick
A: small, no large weapons, nightstalker 3
a: Renounce Religion, Potion Petition, Call Merchant, Bribe Branch


You were on level 4 of the Dungeon.
You worshipped Gozag.
Gozag was aware of your devotion.
You visited 2 branches of the dungeon, and saw 7 of its levels.

You collected 519 gold pieces.
You paid 105 gold pieces to Gozag.

Inventory:

Hand Weapons
 a - a +1 short sword (weapon)
 r - a +2 trident of venom
   (You found it on level 2 of the Dungeon)
 t - a +1 flail of holy wrath
   (You took it off a gnoll on level 3 of the Dungeon)
Missiles
 l - 3 boomerangs
 o - a throwing net {!d}
 s - 92 stones
 u - 8 poisoned darts
Armour
 b - a +0 leather armour
 e - a +0 pair of boots (worn)
   (You found it on level 4 of the Dungeon)
 k - a +0 cloak (worn)
   (You found it on level 2 of the Dungeon)
 p - the +1 robe of the Stars (worn) {rC+ Archmagi}
   (You found it on level 3 of the Dungeon)

   rC:        It protects you from cold.
   Archmagi:  It increases the power of your magical spells.
 v - a scarf of harm
   (You found it on level 5 of the Dungeon)
Magical Staves
 m - a staff of conjuration
   (You found it on level 6 of the Dungeon)
 q - a staff of poison {rPois}
   (You found it on level 4 of the Dungeon)
Jewellery
 f - a ring of fire {rF+, rC-}
   (You found it on level 4 of the Dungeon)
 g - a +6 ring of strength (left hand)
   (You found it on level 1 of the Dungeon)
 n - a ring of flight {+Fly, !d}
   (You found it on level 3 of the Dungeon)
 w - an amulet of reflection (around neck)
   (You found it on level 5 of the Dungeon)
 Q - a +4 ring of slaying (right hand)
   (You found it on level 4 of the Dungeon)
 W - a ring of willpower
   (You found it on level 5 of the Dungeon)
Wands
 d - a wand of digging (3)
 i - a wand of iceblast (10)
   (You found it on level 5 of the Dungeon)
Scrolls
 c - 2 scrolls of fog
 j - 2 scrolls of amnesia
 X - 2 scrolls of magic mapping {@r4!r}
 Y - 3 scrolls of teleportation {@r3}
Potions
 h - a potion of magic {unknown}
 x - a potion of cancellation {unknown}
 B - 2 potions of brilliance
 N - a potion of heal wounds {@q2}


   Skills:
 - Level 3.2 Fighting
 + Level 8.2 Short Blades
 - Level 2.4 Dodging
 - Level 6.6 Stealth
 * Level 6.4 Ice Magic


You had 4 spell levels left.
You knew the following spells:

 Your Spells              Type           Power      Damage    Failure   Level
A - Ozocubu's Armour      Ice            23%        N/A       8%          3

Your spell library contained the following spells:

 Spells                   Type           Power      Damage    Failure   Level
 Static Discharge         Conj/Air       0%         2-2/arc   45%         2
 Vhi's Electric Charge    Tloc/Air       0%         N/A       69%         3
 Arcjolt                  Conj/Air       0%         1d10      100%        5
 Lightning Bolt           Conj/Air       0%         1d11      100%        5
 Ozocubu's Refrigeration  Ice            11%        4d10      100%        7
 Maxwell's Capacitive Co  Air            0%         ∞         100%        8


Dungeon Overview and Level Annotations

Branches:
Dungeon (6/15) Zot: 26247  Temple (1/1) D:5 Zot: 5796

Altars:
Fedhas
Gozag
Qazlal
Sif Muna
Uskayaw
Xom

Annotations:
D:4 Dowan, Duvessa


Innate Abilities, Weirdness & Mutations

You are small and have problems with some larger weapons.
You are completely attuned to the shadows.


Message History

No target in view!
No target in view!
You now have 414 gold pieces (gained 8).
Things that are here:
a +0 dagger; a +0 ring mail
There is an open door here.
You open the door.
There is an open door here.
You see here a +0 plate armour.
You open the door.
An ufetubus comes into view.
There is an open door here.
A two-headed ogre comes into view. It is wielding two +0 giant clubs.
The ufetubus shouts!
The two-headed ogre shouts in stereo!
The two-headed ogre hits you with a +0 giant club!!
Ouch! That really hurt!
The two-headed ogre misses you.
You take 24 damage, and have 22/46 hp.
MASSIVE DAMAGE!!
The ufetubus attacks as you move away! The ufetubus barely misses you.
The ufetubus hits you but does no damage.
There is an open door here.
There is an open door here.
Things that are here:
a +0 whip; a +0 club You see here a +0 flail.
There is a stone staircase leading up here.
You climb upwards.
There is a stone staircase leading down here.
You start resting.
Health restored: 46
(D) Dungeon (T) Temple
Where to? (Enter - D:6, ? - help)
There is an open door here.
There is an open door here.
There is a stone staircase leading up here.
You climb upwards.
Level annotation: Dowan, Duvessa
There is a stone staircase leading down here.
There is an open door here.
There is an open door here.
As you open the door, it creaks loudly!
There is an open door here.
There is an open door here.
You see here a +0 short sword.
There is an open door here.
You see here a +0 short sword.
There is an open door here.
There is an open door here.
There is an open door here.
Things that are here:
a +0 short sword; a kobold skeleton
There is an open door here.
You closely miss Duvessa.
Duvessa hits you with a +5 short sword of venom.
You are poisoned.
You take 6 damage, and have 40/46 hp.
You hit Duvessa but do no damage.
You feel sick.
Duvessa hits you with a +5 short sword of venom!
You are more poisoned.
You take 10 damage, and have 30/46 hp.
MASSIVE DAMAGE!!
You feel yourself speed up.
You feel very sick.
Duvessa hits you with a +5 short sword of venom.
You are lethally poisoned!
You take 5 damage, and have 25/46 hp.
Unknown command.
Okay, then.
You hit Duvessa but do no damage.
You feel sick.
You take 2 damage, and have 23/46 hp.
You hit Duvessa.
You feel sick.
You take 2 damage, and have 21/46 hp.
You hit Duvessa.
You feel very sick.
You take 3 damage, and have 18/46 hp.
You closely miss Duvessa.
You feel sick.
You take 1 damage, and have 17/46 hp.
You barely miss Duvessa.
You feel sick.
You take 2 damage, and have 15/46 hp.
Dowan shouts!
You hit Duvessa.
You feel sick.
Duvessa hits you with a +5 short sword of venom.
* * * LOW HITPOINT WARNING * * *
You are more poisoned.
You take 3 damage, and have 12/46 hp.
You puncture Duvessa!
* * * LOW HITPOINT WARNING * * *
You feel sick.
You take 2 damage, and have 10/46 hp.
You hit Duvessa but do no damage.
* * * LOW HITPOINT WARNING * * *
You feel sick.
You take 1 damage, and have 9/46 hp.
You closely miss Duvessa.
* * * LOW HITPOINT WARNING * * *
You feel very sick.
Duvessa hits you with a +5 short sword of venom!
You die...
Your body crumbles into a pile of gold.

$ #....+ #....# ...
#....##... #.........
#....e|.e. ##
#....@.... #.
#####'##... #. #....).#
.. #. #......# ' ####.
#......# #..## #......#
#[... #......# #....
#......############....
#######.......#...!..).


You could see Duvessa and Dowan.

Vanquished Creatures
  A black bear (D:5)
  2 centaurs
  A necrophage (D:5)
  A scorpion (D:6)
  2 hounds
  A jelly (D:5)
  An orc priest (D:3)
  A gnoll bouda (D:4)
  2 iguanas (D:6)
  An orc wizard (D:6)
  13 adders
  6 gnolls
  3 ufetubi
  2 worms (D:4)
  2 dart slugs
  11 orcs
  10 endoplasms
  2 giant cockroaches
  7 goblins
  3 hobgoblins
  5 jackals
  9 kobolds
  6 quokkas
  7 ball pythons
  5 bats
  2 frilled lizards (D:2)
  7 rats
113 creatures vanquished.

Vanquished Creatures (others)
  2 plants (D:4)
2 creatures vanquished.

Grand Total: 115 creatures vanquished

Notes
Turn   | Place    | Note
-------+----------+-------------------------------------------
     0 | D:5      | sokol815 the Kobold Delver began the quest for the Orb.
     0 | D:5      | Reached XP level 1. HP: 14/14 MP: 1/1
    54 | D:4      | Reached skill level 3 in Short Blades
    54 | D:4      | Reached XP level 2. HP: 19/19 MP: 2/2
    56 | D:4      | Reached skill level 4 in Short Blades
   140 | D:2      | Reached XP level 3. HP: 23/23 MP: 3/3
   331 | D:1      | Found a faded altar of an unknown god.
   392 | D:1      | Reached skill level 5 in Short Blades
  1102 | D:2      | Reached XP level 4. HP: 25/28 MP: 4/4
  1411 | D:2      | Learned a level 3 spell: Ozocubu's Armour
  1870 | D:3      | Identified the +1 robe of the Stars {rC+ Archmagi}
  2013 | D:3      | Reached skill level 1 in Ice Magic
  2115 | D:3      | Reached XP level 5. HP: 32/32 MP: 5/5
  2314 | D:3      | Reached skill level 6 in Short Blades
  2314 | D:3      | Reached skill level 2 in Ice Magic
  2709 | D:4      | Reached XP level 6. HP: 18/37 MP: 6/6
  2713 | D:4      | Reached skill level 3 in Ice Magic
  3112 | D:4      | HP: 6/37 [gnoll/+1 flail of holy wrath[a gnoll bouda] (12)]
  3212 | D:4      | HP: 9/37 [gnoll bouda/+0 whip (9)]
  3214 | D:4      | HP: 2/37 [gnoll bouda/+0 whip (7)]
  3566 | D:4      | Noticed Duvessa
  3568 | D:4      | Noticed Dowan
  3654 | D:5      | Reached skill level 4 in Ice Magic
  3654 | D:5      | Reached XP level 7. HP: 30/40 MP: 7/7
  3699 | D:5      | Reached skill level 7 in Short Blades
  4105 | D:5      | Reached skill level 5 in Ice Magic
  4199 | D:5      | Found a staircase to the Ecumenical Temple.
  4205 | Temple   | Entered the Ecumenical Temple
  4353 | Temple   | Became a worshipper of Gozag Ym Sagoz the Greedy
  5025 | D:6      | Reached XP level 8. HP: 42/46 MP: 8/8
  5154 | D:6      | Reached skill level 8 in Short Blades
  5154 | D:6      | Reached skill level 6 in Ice Magic
  5453 | D:6      | Noticed a two-headed ogre
  5674 | D:4      | HP: 10/46 [poisoned by Duvessa]
  5676 | D:4      | Slain by Duvessa

Illustrated notes

Levels and vault maps discovered:
D:1:      giann_bridges, layout_basic, hellmonk_ecumenical_altar_zigzags,
          item_on_display_a
D:2:      layout_loops_ring, minmay_crystal_water
D:3:      minmay_wonky_spiral, layout_loops_ring
D:4:      layout_gridville, chequers_garden, guppyfry_early_lair_pool,
          uniq_duvessa
D:5:      layout_loops_corners, minmay_temple_entry_enclosed_plants
D:6:      minmay_skewed_foursquare, layout_basic
Temple:   mainiacjoe_temple_cubbyholes

Skill      XL: |  1  2  3  4  5  6  7  8 |
---------------+-------------------------+-----
Short Blades   | 3 4 5 6 7 8 |  8.2
Ice Magic      | 1 2 4 5 6 |  6.4
Fighting       | |  3.2
Dodging        | |  2.4
Stealth        | |  6.6

Action                   |  1- 3 |  4- 6 |  7- 9 || total
-------------------------+-------+-------+-------++-------
Melee: Short sword       |    88 |   162 |    90 ||   340
       Punch             |       |     1 |       ||     1
  Use: Scroll            |     1 |    10 |     1 ||    12
       Potion            |       |     4 |     1 ||     5
 Stab: Sleeping          |     6 |    39 |     9 ||    54
       Distracted        |       |     2 |       ||     2
Armor: Leather armour    |    10 |     2 |       ||    12
       Robe              |       |    11 |    14 ||    25
Dodge: Dodged            |    50 |    68 |    41 ||   159
Block: Other             |       |       |     8 ||     8

Table legend: (Time is in decaauts)
 A = Elapsed time spent in this place.
 B = Non-inter-level travel time spent in this place.
 C = Inter-level travel time spent in this place.
 D = Time resting spent in this place.
 E = Time spent auto-exploring this place.
 F = Levels seen in this place.
 G = Mean time per level.
                   A        B        C        D        E       F      G
               +--------+--------+--------+--------+--------+-----+--------+
         Total |   5555 |   5283 |    272 |    414 |   4110 |   7 |  793.6 |
       Dungeon |   5351 |   5162 |    189 |    414 |   3997 |   6 |  891.8 |
        Temple |    203 |    120 |     83 |      0 |    113 |   1 |  203.0 |
               +--------+--------+--------+--------+--------+-----+--------+

Top non-repeatable levels by time:
     D:5: 1177 daAuts
     D:4: 1048 daAuts
     D:1: 891 daAuts
     D:3: 887 daAuts
     D:2: 784 daAuts
     D:6: 562 daAuts
  Temple: 203 daAuts

Table legend:
 A = Kills in this place as a percentage of kills in entire the game.
 B = Kills by you in this place as a percentage of kills by you in the entire game.
 C = Kills by friends in this place as a percentage of kills by friends in the entire game.
 D = Other kills in this place as a percentage of other kills in the entire game.
 E = Experience gained in this place as a percentage of experience gained in the entire game.
 F = Experience gained in this place divided by the number of levels of this place that you have seen.
                   A       B       C       D       E      F
               +-------+-------+-------+-------+-------+----------------------
         Total | 100.0 | 100.0 |   N/A |   N/A | 100.0 | 181.0
       Dungeon | 100.0 | 100.0 |   N/A |   N/A | 100.0 | 211.2
               +-------+-------+-------+-------+-------+----------------------
